 Dungeon Crawl Stone Soup version 0.30.1-11-g7821555f0a (webtiles) character file.

Game seed: 13390338156205169783

116 anacleto the Ruffian (level 4, -2/44 HPs)
             Began as a Troll Gladiator on Dec 9, 2023.
             Slain by a hobgoblin (5 damage)
             ... led by Robin
             ... on level 2 of the Dungeon.
             The game lasted 00:04:16 (1128 turns).

anacleto the Ruffian (Troll Gladiator)              Turns: 1128, Time: 00:04:16

Health: -2/44      AC:  4    Str: 30    XL:     4   Next: 69%
Magic:  3/3        EV: 10    Int:  4    God:
Gold:   106        SH:  0    Dex: 11    Spells: 3/3 levels left

rFire   . .          .
                       - Unarmed
rCold   + . .        (no shield)
rNeg    . . .        a - +0 robe
rPois   .            b - +0 hat
rElec   .            (no cloak)
rCorr   .            (gloves unavailable)
SInv    .            (boots unavailable)
Will    .....        (no amulet)
Stlth   +            l - +6 ring of strength
HPRegen 1.07/turn    n - ring of protection from cold
MPRegen 0.08/turn

%: no passive effects
@: no status effects
A: large, unfitting armour, claws 3, regeneration 1, shaggy fur 1, tough skin 1
a: no special abilities


You were on level 2 of the Dungeon.
You visited 1 branch of the dungeon, and saw 3 of its levels.

You collected 106 gold pieces.

Inventory:

Missiles
 c - 3 throwing nets (quivered)
 d - a large rock
 j - 2 javelins
 m - 6 datura-tipped darts
Armour
 a - a +0 robe (worn)
 b - a +0 hat (worn)
Jewellery
 l - a +6 ring of strength (left claw)
 n - a ring of protection from cold (right claw)
Scrolls
 e - a scroll of vulnerability {unknown}
 g - a scroll of amnesia {unknown}
 k - a scroll of fear
 u - 2 scrolls of identify {unknown}
Potions
 f - a potion of curing {unknown}
 h - a potion of flight {unknown}
 i - 3 potions of resistance {unknown}
 o - a potion of ambrosia {unknown}
 p - a potion of heal wounds {unknown}
 q - a potion of might {unknown}
 r - a potion of degeneration {unknown}
 s - a potion of lignification {unknown}
 t - a potion of berserk rage {unknown}


   Skills:
 + Level 2.5 Fighting
 + Level 2.3 Throwing
 - Level 2.4 Dodging
 * Level 4.5 Unarmed Combat


You had 3 spell levels left.
You didn't know any spells.
Your spell library contained the following spells:

 Spells                   Type           Power      Damage    Failure   Level
 Shock                    Conj/Air       0%         1d3       50%         1
 Dazzling Flash           Conj/Hex       0%         N/A       86%         3
 Swiftness                Air            0%         N/A       86%         3
 Airstrike                Air            0%         2d(0-16)  99%         4
 Agony                    Necr           0%         N/A       100%        5
 Silence                  Hex/Air        0%         N/A       100%        5


Dungeon Overview and Level Annotations

Branches:
Dungeon (3/15)

Altars:

Annotations:
D:2 Robin


Innate Abilities, Weirdness & Mutations

You are too large for most types of armour.
You have claws for hands.
Your natural rate of healing is unusually fast.
You are covered in fur. (AC +1)
You have tough skin. (AC +1)


Message History

The goblin shouts!
You claw the goblin!
You kill the goblin!
The hobgoblin hits you.
A goblin comes into view. It is wielding a +0 dagger.
The hobgoblin hits you but does no damage.
The goblin closely misses you.
You see here a +0 club.
You claw the goblin!
You kill the goblin!
The hobgoblin hits you. The goblin barely misses you.
Robin throws the goblin at you! The goblin attacks as you move away!
The goblin hits you with a +0 dagger. x2
The hobgoblin hits you but does no damage.
Robin closely misses you.
You see here a +0 dagger.
You claw Robin!
Robin is heavily wounded.
The goblin hits you with a +0 dagger.
The hobgoblin hits you but does no damage.
The goblin hits you but does no damage. Robin throws the goblin at you!
You completely miss Robin.
Robin is heavily wounded.
The hobgoblin closely misses you. The goblin barely misses you.
The goblin hits you with a +0 club. The goblin barely misses you.
Robin hits you with a +0 spear.
You closely miss Robin.
Robin is heavily wounded.
The hobgoblin hits you.
* * * LOW HITPOINT WARNING * * *
The goblin hits you with a +0 dagger.
* * * LOW HITPOINT WARNING * * *
The goblin hits you but does no damage. Robin hits you but does no damage.
The goblin completely misses you.
You barely miss Robin.
Robin is heavily wounded.
The goblin barely misses you. The goblin hits you with a +0 club.
* * * LOW HITPOINT WARNING * * *
The hobgoblin hits you.
You die...

.....##'##$....##'##
#...##..K##...##...##
##.##.....##.##.....##
.#'#..(....#'#[......#
##.##.....##.##.....#
#...##...## #)†.#
.....##'## ##)##
#...##.b.## ##.g)##
##.##.....##.##g@g..##
.g''.......K''.g.g...#
##.##.....##w##.....##
#...##...##. .##...##
.....##+##. b##'##
#...## ... ##.## ....
#'# ...... ##.# .....


You could see Robin, a dart slug (wandering), a hobgoblin (strong), 3 goblins
and a kobold.

Vanquished Creatures
  Natasha (twice) (D:2)
  A worm (D:2)
  A dart slug (D:1)
  5 ball pythons
  3 bats
  5 endoplasms
  3 giant cockroaches (D:1)
  13 goblins
  6 hobgoblins
  5 jackals
  A quokka (D:1)
  A frilled lizard (D:1)
  2 kobolds
  4 rats
52 creatures vanquished.

Notes
Turn   | Place    | Note
-------+----------+-------------------------------------------
     0 | D:1      | anacleto the Troll Gladiator began the quest for the Orb.
     0 | D:1      | Reached XP level 1. HP: 19/19 MP: 0/0
   150 | D:1      | Reached XP level 2. HP: 28/28 MP: 1/1
   356 | D:1      | Reached XP level 3. HP: 35/35 MP: 2/2
   683 | D:2      | Reached skill level 4 in Unarmed Combat
   703 | D:2      | Noticed Natasha
   739 | D:2      | Killed Natasha
   740 | D:2      | Reached XP level 4. HP: 18/42 MP: 3/3
   990 | D:2      | Noticed Robin
   990 | D:2      | Noticed Natasha
  1095 | D:2      | Killed Natasha
  1128 | D:2      | Slain by a hobgoblin

Illustrated notes

Levels and vault maps discovered:
D:1:      beargit_arrival_greenhouse, layout_rooms
D:2:      layout_loops_cross, basic_altar, nicolae_hexahallways, uniq_robin,
          uniq_natasha
D:3:      layout_loops_ring, hangedman_decor_growths

Skill      XL: |  1  2  3 |
---------------+----------+-----
Fighting       | 2 |  2.5
Unarmed Combat | 4 |  4.5
Throwing       | 2 |  2.3
Dodging        | |  2.4

Action                     |  1- 3 |  4- 6 || total
---------------------------+-------+-------++-------
  Melee: Unarmed           |   110 |    44 ||   154
         Punch             |     2 |       ||     2
    Use: Scroll            |       |     1 ||     1
   Stab: Sleeping          |     1 |       ||     1
 Armour: Robe              |    40 |    29 ||    69
  Dodge: Dodged            |    61 |    48 ||   109
